 Dungeon Crawl Stone Soup version 0.27.0-1-g7a089689b8 (webtiles) character file.

Game seed: 15107047660509323287

81 Smaepdii the Sneak (level 4, -1/34 HPs)
             Began as a Demonspawn Brigand on Aug 12, 2021.
             Slain by Sigmund (5 damage)
             ... on level 2 of the Dungeon.
             The game lasted 00:10:24 (1834 turns).

Smaepdii the Sneak (Demonspawn Brigand)             Turns: 1834, Time: 00:10:25

Health: -1/34      AC:  7    Str: 11    XL:     4   Next: 19%
Magic:  4/4        EV:  9    Int: 12    God:
Gold:   116        SH:  0    Dex: 16    Spells: 3/3 levels left

rFire    . . .     SeeInvis .   a - +2 dagger
rCold    . . .     Faith    .   (no shield)
rNeg     . . .     Spirit   .   g - +0 scale mail
rPois    .         Reflect  .   (helmet restricted)
rElec    .         Harm     .   c - +0 cloak
rCorr    .         Rampage  .   (no gloves)
Will     .....                  (no boots)
Stlth    +.........             (no amulet)
HPRegen  0.11/turn              (no ring)
MPRegen  0.09/turn              (no ring)

@: no status effects
A: antennae 1, talons 1, demonic magic 1
a: no special abilities


You were on level 2 of the Dungeon.
You visited 1 branch of the dungeon, and saw 2 of its levels.

You collected 116 gold pieces.

Inventory:

Hand Weapons
 a - a +2 dagger (weapon)
Missiles
 d - 23 poisoned darts (quivered)
 e - 2 curare-tipped darts
Armour
 c - a +0 cloak (worn)
 g - a +0 scale mail (worn)
Wands
 j - a wand of iceblast (9)
Scrolls
 b - a scroll of teleportation {unknown}
 f - a scroll of vulnerability {unknown}
 i - a scroll of magic mapping {unknown}
 k - a scroll of silence {unknown}
Potions
 h - a potion of heal wounds {unknown}


   Skills:
 + Level 2.5 Fighting
 * Level 2.6 Short Blades
 - Level 2.0 Throwing
 + Level 1.6 Dodging
 - Level 4.0 Stealth
 + Level 1.1 Hexes


You had 3 spell levels left.
You didn't know any spells.
Your spell library contained the following spells:

 Spells                   Type           Power      Damage    Failure   Level
 Slow                     Hex            2%         N/A       90%         2
 Sublimation of Blood     Necr           0%         N/A       97%         2
 Wereblood                Tmut           0%         N/A       97%         2
 Confusing Touch          Hex            2%         N/A       99%         3
 Animate Dead             Necr           0%         N/A       100%        4
 Summon Forest            Summ/Tloc      0%         N/A       100%        5
 Yara's Violent Unravell  Hex/Tmut       0%         3d3       100%        5
 Eringya's Noxious Bog    Tmut/Pois      0%         N/A       100%        6
 Haunt                    Necr/Summ      0%         N/A       100%        7
 Summon Hydra             Summ           0%         N/A       100%        7
 Infestation              Necr           0%         N/A       100%        8


Dungeon Overview and Level Annotations

Branches:
Dungeon (2/15)

Altars:

Shops:
D:2 :

Annotations:
D:2 Sigmund


Innate Abilities, Weirdness & Mutations

You have a pair of small antennae on your head.
You have sharp toenails.
Spells you cast may paralyse adjacent enemies.


Message History

An endoplasm comes into view.
Sigmund points at you and mumbles some strange words.
You are confused.
You're too confused to move!
Sigmund barely misses you.
You're too confused to move!
Sigmund mumbles some strange words.
Sigmund flickers and vanishes!
Deactivating autopickup; reactivate with Ctrl-A.
The endoplasm quivers.
Something hits you.
You hear some strange, mumbled words.
Something tries to affect you, but you resist.
You bump into the rock wall.
You feel less confused. Something hits you.
You closely miss something. You claw something. Something hits you!
You hit something. Your kick misses something.
Something hits you but does no damage.
You hit something. Something hits you but does no damage.
You hit something. You miss something. Something hits you but does no damage.
You miss something.
You hear some strange, mumbled words.
Something tries to affect you, but you resist.
You hit something but do no damage. Something hits you but does no damage.
You closely miss something. Something hits you.
You hit something but do no damage. Something hits you.
You hit something but do no damage. You claw something.
Something hits you but does no damage.
You hit something. Your kick misses something.
You hear some strange, mumbled words.
A magic dart appears from out of thin air!
The magic dart hits you!
* * * LOW HITPOINT WARNING * * *
Okay, then.
Okay, then.
You hit something but do no damage. Your kick misses something.
You hit something but do no damage. Your kick misses something.
Something hits you.
You die...

##.#.#.#.#.# #..§.§#.#
####.....#.# #######.#
#...##.###.# #.#
#.#.##.....# #.#
#.#.######## #.# #.#.#
#### #.# #.#.# #... #.#
#.#.# ##....######## #.#
#.#.#
#....{#@.....#########.#
..#..
.....J{......'.........#
#####
∩.#...#......######.....
..(...#......# #.....
#.(.. #......# #.....
.(... #......# #.....
##.. #......# #..... #..
#......# ###### #......#
#######


You could see an endoplasm.

Vanquished Creatures
  2 adders (D:2)
  A worm (D:2)
  2 dart slugs
  An orc (D:2)
  4 endoplasms
  A giant cockroach (D:1)
  3 goblins
  3 hobgoblins
  10 jackals
  3 quokkas
  3 ball pythons
  3 bats
  2 frilled lizards
  8 kobolds
  6 rats
52 creatures vanquished.

Notes
Turn   | Place    | Note
-------+----------+-------------------------------------------
     0 | D:1      | Smaepdii the Demonspawn Brigand began the quest for the
                  | Orb.
     0 | D:1      | Reached XP level 1. HP: 16/16 MP: 1/1
    34 | D:1      | Reached skill level 1 in Dodging
   227 | D:1      | Gained mutation: Spells you cast may paralyse adjacent
                  | enemies. [demonic ancestry]
   227 | D:1      | Reached XP level 2. HP: 15/22 MP: 2/2
   780 | D:1      | Gained mutation: You have sharp toenails. [demonic
                  | ancestry]
   780 | D:1      | Reached XP level 3. HP: 28/28 MP: 3/3
  1365 | D:2      | Reached skill level 4 in Stealth
  1372 | D:2      | Reached skill level 1 in Hexes
  1383 | D:2      | Gained mutation: You have a pair of small antennae on your
                  | head. [demonic ancestry]
  1383 | D:2      | Reached XP level 4. HP: 31/34 MP: 4/4
  1809 | D:2      | Found Xieg's Book Boutique.
  1809 | D:2      | Noticed Sigmund
  1834 | D:2      | Slain by Sigmund

Illustrated notes

Levels and vault maps discovered:
D:1:      scummos_arrival_star, layout_rooms
D:2:      layout_basic, serial_shops, nicolae_shop_stone, grunt_decor_junction,
          uniq_sigmund

Skill      XL: |  1  2  3 |
---------------+----------+-----
Dodging        | 1 |  1.6
Short Blades   | 2 |  2.6
Throwing       | 2 |  2.0
Stealth        | 4 |  4.0
Hexes          | 1 |  1.1
Fighting       | |  2.5

Action                   |  1- 3 |  4- 6 || total
-------------------------+-------+-------++-------
Melee: Dagger            |   145 |    26 ||   171
       Kick              |    10 |     5 ||    15
Throw: Dart              |    19 |     4 ||    23
 Stab: Sleeping          |     2 |       ||     2
Armor: Scale mail        |    81 |    10 ||    91
Dodge: Dodged            |    59 |     6 ||    65
